 Dungeon Crawl Stone Soup version 0.19.0-11-g3fc08b3 (webtiles) character file.

31 pichaelthompson the Skirmisher (level 3, -6/34 HPs)
             Began as a Naga Berserker on Nov 9, 2016.
             Was a Believer of Trog.
             Mangled by Sigmund
             ... wielding a +0 scythe
              (10 damage)
             ... on level 1 of the Dungeon.
             The game lasted 00:11:35 (2223 turns).

pichaelthompson the Skirmisher (Naga Berserker)     Turns: 2223, Time: 00:11:35

Health: -6/34      AC:  2    Str: 19    XL:     3   Next: 22%
Magic:  3/3        EV: 10    Int:  7    God:    Trog [**....]
Gold:   55         SH:  0    Dex: 11    Spells: 0 memorised, 2 levels left

rFire  . . .     SeeInvis +     e - -3 mace (curse)
rCold  . . .     Gourm    .     d - +0 leather armour
rNeg   . . .     Faith    .     (no shield)
rPois  +         Spirit   .     (no helmet)
rElec  .         Reflect  .     (no cloak)
rCorr  .         Harm     .     (no gloves)
MR     .....                    (no barding)
Stlth  +.........               (no amulet)
                                (no ring)
                                (no ring)

@: very slow
A: see invisible, deformed body, poison resistance, slowness 2, slow metabolism
1, spit poison 1, AC +1
a: Spit Poison, Berserk, Trog's Hand, Burn Spellbooks, Renounce Religion


You were on level 1 of the Dungeon.
You worshipped Trog.
Trog was pleased with you.
You were not hungry.

You visited 1 branch of the dungeon, and saw 2 of its levels.

You collected 55 gold pieces.

Inventory:

Hand Weapons
 a - a +0 mace
 e - a cursed -3 mace (weapon)
 i - a +2 dagger of venom
Missiles
 g - 17 stones (quivered)
Armour
 b - a +0 animal skin
 d - a +0 leather armour (worn)
Potions
 h - a potion of cure mutation {unknown}
 j - 2 potions of curing
Comestibles
 c - a bread ration
 f - 3 fruits


   Skills:
 + Level 3.4 Fighting
 + Level 3.1 Maces & Flails
 + Level 2.0 Armour
 + Level 2.0 Dodging


You had 2 spell levels left.
You didn't know any spells.

Dungeon Overview and Level Annotations

Branches:
Dungeon (2/15)

Altars:

Annotations:
D:1 Sigmund


Innate Abilities, Weirdness & Mutations

You cannot wear boots.
Your serpentine skin is tough. (AC +1)
You have supernaturally acute eyesight. (SInv)
Armour fits poorly on your strangely shaped body.
Your system is resistant to poisons. (rPois)
You cover ground very slowly.
You have a slow metabolism.
You can spit poison.


Message History

The giant cockroach is moderately wounded.
Sigmund hits you with a scythe.
* * * LOW HITPOINT WARNING * * *
The giant cockroach bites you.
* * * LOW HITPOINT WARNING * * *
You hit the giant cockroach.
The giant cockroach is severely wounded.
The giant cockroach completely misses you.
Sigmund closely misses you.
You closely miss the giant cockroach.
The giant cockroach is severely wounded.
The giant cockroach closely misses you. The giant cockroach bites you.
* * * LOW HITPOINT WARNING * * *
Sigmund points at you and mumbles some strange words.
You resist with some effort.
You barely miss the giant cockroach.
The giant cockroach is severely wounded.
The giant cockroach bites you but does no damage.
Sigmund hits you with a scythe!
You die...

#.....#.........#
#.#...#.#######.# #.#.###.#
#.# ######.......# #.#
#.....##.##### #####.#
#.....##.# #.....#
#.....#..# #.....#
#.....#s.#######.....###
#.....#@.......+........
#.....#.@#######.....###
#.....#.................
#.....#..###########....
######.....#..# ######
#....'.....'..# #.....
##.###.....#.## #.....
#.#.......#.###########.....
#.#.#####.#.........).#.....


You could see Sigmund (invisible) and a giant cockroach.

Vanquished Creatures
  A ball python (D:1)
  5 bats (D:1)
  A giant cockroach (D:1)
  6 goblins (D:1)
  6 hobgoblins (D:1)
  2 frilled lizards (D:1)
  4 kobolds (D:1)
  6 rats (D:1)
31 creatures vanquished.

Notes
Turn   | Place    | Note
-------+----------+-------------------------------------------
     0 | D:1      | pichaelthompson the Naga Berserker began the quest for the Orb.
     0 | D:1      | Reached XP level 1. HP: 21/21 MP: 1/1
   282 | D:1      | Reached XP level 2. HP: 10/28 MP: 2/2
  1233 | D:1      | HP: 1/28 [kobold/stone (3)]
  1831 | D:1      | Reached ** piety under Trog
  1921 | D:1      | Reached XP level 3. HP: 31/34 MP: 3/3
  2207 | D:2      | Noticed Sigmund
  2223 | D:1      | Mangled by Sigmund

Skill      XL: |  1  2  3 |
---------------+----------+-----
Armour         | 2 |  2.0
Dodging        | 2 |  2.0
Fighting       | |  3.4
Maces & Flails | |  3.1

Action                   || total
-------------------------++-------
Melee: Mace              ||   100
Throw: Stone             ||     1
 Abil: Spit Poison       ||     5
  Use: Scroll            ||     1
  Eat: Chunk             ||     3
Armor: Leather armour    ||    49
Dodge: Dodged            ||    75
